 Dungeon Crawl Stone Soup version 0.28.0-47-ge53b351184 (webtiles) character file.

Game seed: 12382305684356650140

42 joe1234567 the Grave Robber (level 3, -2/24 HPs)
             Began as a Vampire Necromancer on May 5, 2022.
             Was a Follower of Wu Jian.
             Slain by a quokka (4 damage)
             ... on level 2 of the Dungeon on May 6, 2022.
             The game lasted 00:08:28 (1438 turns).

joe1234567 the Grave Robber (Vampire Necromancer)   Turns: 1438, Time: 00:08:29

Health: -2/24      AC:  5    Str:  9    XL:     3   Next: 33%
Magic:  3/6        EV: 10    Int: 17    God:    Wu Jian [*.....]
Gold:   50         SH:  0    Dex: 14    Spells: 5/6 levels left

rFire   . . .      SeeInvis +   j - +0 dagger
rCold   . . .      Faith    .   (no shield)
rNeg    . . .      Spirit   .   g - +0 ring mail
rPois   .          Reflect  .   (no helmet)
rElec   .          Harm     .   (no cloak)
rCorr   .          Rampage  .   (no gloves)
Will    .....                   (no boots)
Stlth   ++........              (no amulet)
HPRegen 0.28/turn               (no ring)
MPRegen 0.10/turn               (no ring)

@: healing quickly
A: alive, fangs 3, see invisible, vampiric 2
a: Exsanguinate, Renounce Religion


You were on level 2 of the Dungeon.
You worshipped Wu Jian.
Wu Jian was aware of your devotion.
You visited 1 branch of the dungeon, and saw 2 of its levels.

You collected 50 gold pieces.

Inventory:

Hand Weapons
 d - a +0 club
 j - a +0 dagger (weapon)
Missiles
 e - 4 poisoned darts
Armour
 a - a +0 robe
 g - a +0 ring mail (worn)
Scrolls
 b - a scroll of fear {unknown}
 c - 2 scrolls of enchant weapon {unknown}
 i - a scroll of teleportation {unknown}
Potions
 f - a potion of degeneration {unknown}
 h - a potion of flight {unknown}


   Skills:
 + Level 0.3 Maces & Flails
 + Level 0.2 Armour
 + Level 2.5 Dodging
 + Level 3.7 Stealth
 + Level 0.2 Unarmed Combat
 + Level 2.3 Spellcasting
 + Level 4.8 Necromancy


You had 5 spell levels left.
You knew the following spells:

 Your Spells              Type           Power      Damage    Failure   Level
a - Pain                  Necr           72%        1d7       7%          1

Your spell library contained the following spells:

 Spells                   Type           Power      Damage    Failure   Level
 Animate Skeleton         Necr           36%        N/A       7%          1
 Vampiric Draining        Necr           18%        2d7       22%         3
 Sandblast                Erth           2%         2d4       47%         1
 Animate Dead             Necr           9%         N/A       56%         4
 Passwall                 Tmut/Erth      0%         N/A       63%         2
 Stone Arrow              Conj/Erth      2%         3d7       85%         3
 Agony                    Necr           18%        N/A       89%         5


Dungeon Overview and Level Annotations

Branches:
Dungeon (2/15)

Altars:
Wu Jian


Innate Abilities, Weirdness & Mutations

Your natural rate of healing is accelerated.
You have razor-sharp teeth.
You have supernaturally acute eyesight. (SInv)
You are afflicted with vampirism and can become a bat while bloodless.


Message History

The quokka barely misses you. The worm bites you!
You hit the worm but do no damage.
The worm is severely wounded.
The quokka closely misses you. The worm bites you.
* * * LOW HITPOINT WARNING * * *
You hit the worm but do no damage.
The worm is severely wounded.
The quokka bites you.
* * * LOW HITPOINT WARNING * * *
The quokka barely misses you.
You hit the worm.
The worm is severely wounded.
The quokka twitches its whiskers.
The quokka barely misses you. The worm bites you but does no damage.
You hit the worm.
The worm is almost dead.
The quokka barely misses you.
You hit the worm but do no damage. You bite the worm.
You kill the worm!
The Council accepts your kill.
The quokka bites you but does no damage.
You spin and attack the quokka.
You hit the quokka. You bite the quokka.
The quokka is heavily wounded.
The quokka bites you.
* * * LOW HITPOINT WARNING * * *
You see here a worm corpse.
You spin and attack the quokka.
You hit the quokka but do no damage.
The quokka is heavily wounded.
The quokka bites you but does no damage.
The quokka barely misses you.
You are too injured to fight recklessly!
You spin and attack the quokka.
You hit the quokka. Your bite misses the quokka.
The quokka is severely wounded.
The quokka closely misses you.
You see here a worm corpse.
You barely miss the quokka.
The quokka is severely wounded.
The quokka bites you.
You die...

#.....[..######
#........#....###
#........#....... .
#######........#.....##
#.#..............#.......
#........................
#.?..............#.....##
#.....................##
#.......@?.......#....#
........r)).#.####.......
............#.# #...#...
.#..........#.# ......#.
............[.. ...#.....
...........##......#.....
...........##......#.....
............ ..8.........


You could see a quokka.

Vanquished Creatures
  An adder (D:2)
  A worm (D:2)
  A dart slug (D:1)
  2 endoplasms (D:1)
  A giant cockroach (D:1)
  3 goblins
  A hobgoblin (D:1)
  2 quokkas
  3 ball pythons
  3 bats (D:1)
  3 frilled lizards
  2 kobolds (D:1)
  6 rats (D:1)
29 creatures vanquished.

Vanquished Creatures (others)
  4 fungi (D:1)
  A plant (D:1)
5 creatures vanquished.

Grand Total: 34 creatures vanquished

Notes
Turn   | Place    | Note
-------+----------+-------------------------------------------
     0 | D:1      | joe1234567 the Vampire Necromancer began the quest for the
                  | Orb.
     0 | D:1      | Reached XP level 1. HP: 13/13 MP: 3/3
   307 | D:1      | Reached XP level 2. HP: 11/19 MP: 5/5
   860 | D:1      | Found a faded altar of an unknown god.
   894 | D:1      | Prayed at the altar of an unknown god.
   894 | D:1      | Became a worshipper of the Wu Jian Council
   894 | D:1      | Reached * piety under Wu Jian
  1396 | D:2      | Gained mutation: You are afflicted with vampirism and can
                  | become a bat while bloodless. [Vampire growth]
  1396 | D:2      | Reached XP level 3. HP: 18/24 MP: 1/6
  1431 | D:2      | HP: 1/24 [quokka (2)]
  1438 | D:2      | Slain by a quokka

Illustrated notes

Levels and vault maps discovered:
D:1:      scummos_arrival_hexagon, layout_loops_ring,
          shapermc_ecumenical_altar_ellora
D:2:      layout_rooms, serial_shops, nicolae_shop_statue_plus

Action                   || total
-------------------------++-------
Melee: Club              ||    76
       Unarmed           ||     8
       Dagger            ||    35
       Bite              ||    10
       Punch             ||     1
 Cast: Pain              ||    16
Invok: Lunge             ||     6
       Whirlwind         ||     4
 Stab: Sleeping          ||     6
Armor: Robe              ||     6
       Ring mail         ||    26
Dodge: Dodged            ||    71
